 Dungeon Crawl Stone Soup version 0.25-a0-489-g9ae84a01e3 (webtiles) character file.

Game seed: 430331958336345008, levelgen mode: deterministic

1514 grieverrr the Carver (level 8, -6/69 HPs)
             Began as a Minotaur Gladiator on Feb 6, 2020.
             Was a Follower of Fedhas.
             Splashed by a jelly's acid (11 damage)
             ... on level 5 of the Dungeon on Feb 11, 2020.
             The game lasted 01:21:01 (5555 turns).

grieverrr the Carver (Minotaur Gladiator)           Turns: 5555, Time: 01:21:05

Health: -6/69      AC:  0    Str: 19    XL:     8   Next: 53%
Magic:  7/7        EV: 10    Int:  5    God:    Fedhas [*.....]
Gold:   202        SH:  0    Dex: 14    Spells: 7/7 levels left

rFire    . . .     SeeInvis .   a - +0 long sword
rCold    + . .     Gourm    .   (no shield)
rNeg     . . .     Faith    .   H - +3 chain mail
rPois    .         Spirit   .   c - +0 hat
rElec    .         Reflect  .   v - +0 cloak
rCorr    .         Harm     .   (no gloves)
MR       .....     Rnd*Tele +   D - +0 pair of boots
Stlth    ..........             (no amulet)
HPRegen  0.21/turn              K - ring of protection from cold
MPRegen  0.10/turn              M - ring of teleportation (curse)

@: corroded
A: retaliatory headbutt, horns 2
a: Renounce Religion


You were on level 5 of the Dungeon.
You worshipped Fedhas.
Fedhas was aware of your devotion.
You were hungry.

You visited 2 branches of the dungeon, and saw 6 of its levels.

You collected 202 gold pieces.

Inventory:

Hand Weapons
 a - a +0 long sword (weapon)
 d - a +0 spear
 e - a +0 dagger
 g - a +6 dire flail
 h - a +2 quarterstaff of chaos
 l - a +3 mace
 n - a +0 mace
 r - a +0 scythe
 u - a +3 dagger
 y - a +0 great mace
 z - a +0 falchion
 A - a +0 flail
 B - a +0 long sword
 C - a +0 long sword
 G - a cursed +0 shortbow
Missiles
 i - 105 arrows
 k - 157 stones
 w - 7 boomerangs (quivered)
Armour
 b - a +0 leather armour
 c - a +0 hat (worn)
 o - a +0 robe
 s - a +0 animal skin
 t - a +0 helmet
 v - a +0 cloak (worn)
 x - a +0 robe
 D - a +0 pair of boots (worn)
 H - a +3 chain mail (worn)
 I - a +0 ring mail
Jewellery
 m - a cursed amulet of inaccuracy
 K - a ring of protection from cold (left hand)
 M - a cursed ring of teleportation (right hand)
Wands
 p - a wand of random effects (26)
Scrolls
 j - 5 scrolls of teleportation
 F - a scroll of magic mapping {unknown}
 J - a scroll of immolation {unknown}
 L - a scroll of random uselessness {unknown}
 N - a scroll of identify
 O - a scroll of fear {unknown}
Potions
 q - a potion of brilliance
 E - a potion of degeneration
Comestibles
 f - a ration
 P - a chunk of flesh


   Skills:
 + Level 5.6 Fighting
 + Level 8.8 Long Blades
 + Level 3.4 Throwing
 + Level 4.5 Armour
 + Level 5.3 Dodging
 + Level 2.2 Stealth
 + Level 1.1 Evocations


You had 7 spell levels left.
You didn't know any spells.
Your spell library was empty.

Dungeon Overview and Level Annotations

Branches:
Dungeon (5/15)             Temple (1/1) D:4

Altars:
Ashenzari
Cheibriados
Elyvilon
Fedhas
Gozag
Hepliaklqana
Kikubaaqudgha
Makhleb
Nemelex Xobeh
Okawaru
Qazlal
Ru
Sif Muna
Uskayaw
Xom
Zin
The Shining One

Shops:
D:4 (


Innate Abilities, Weirdness & Mutations

You reflexively headbutt those who attack you in melee.
You have a pair of horns on your head.


Message History

You hit the jelly but do no damage.
Your hands burn!
The jelly is heavily wounded.
The jelly hits you but does no damage.
You hit the jelly but do no damage. The acid corrodes you!
Your hands burn!
* * * LOW HITPOINT WARNING * * *
You headbutt the jelly!
The jelly is almost dead.
The jelly hits you.
* * * LOW HITPOINT WARNING * * *
You are splashed with acid.
* * * LOW HITPOINT WARNING * * *
You hit the jelly but do no damage.
Your hands burn!
* * * LOW HITPOINT WARNING * * *
You headbutt the jelly, but do no damage.
The jelly is almost dead.
The jelly hits you.
* * * LOW HITPOINT WARNING * * *
You are splashed with acid!
You die...
Fedhas appreciates your contribution to the ecosystem.

.....# #..# ....##...
. ....... ..
##.....#...
##........
####.......
........J#
.........@##.###.
..................
#.................
##..#..............
....#..........####
..............### .
##..<.........##....
##...................
#...............##..#


You could see a jelly.

Vanquished Creatures
  The ghost of Beaer the Covered, a novice VSWn (D:4)
  Grinder (D:3)
  Sigmund (D:2)
  Menkaure (D:5)
  2 ice beasts (D:5)
  A centaur (D:5)
  An ogre (D:4)
  A scorpion (D:5)
  2 howler monkeys (D:4)
  A jelly (D:5)
  3 orc wizards
  Crazy Yiuf (D:3)
  A centaur skeleton (D:5)
  Jessica (D:2)
  A killer bee zombie (D:5)
  Robin (D:2)
  3 adders
  An adder skeleton (D:5)
  2 worms
  4 dart slugs
  5 leopard geckos
  9 orcs
  A ball python (D:1)
  2 giant cockroaches (D:4)
  16 goblins
  13 hobgoblins
  8 jackals
  4 kobolds
  2 quokkas
  6 bats
  2 frilled lizards
  A jackal skeleton (D:5)
  5 rats
  3 fungi (D:3)
107 creatures vanquished.

Notes
Turn   | Place    | Note
-------+----------+-------------------------------------------
     0 | D:1      | grieverrr the Minotaur Gladiator began the quest for the
                  | Orb.
     0 | D:1      | Reached XP level 1. HP: 18/18 MP: 0/0
     6 | D:1      | Upgraded the game from 0.25-a0-471-g78e40d7af6 to
                  | 0.25-a0-474-ga8a2ee3166
   116 | D:1      | Reached XP level 2. HP: 22/25 MP: 1/1
   252 | D:1      | Reached skill level 4 in Long Blades
   546 | D:1      | Reached XP level 3. HP: 30/30 MP: 2/2
   758 | D:2      | Noticed Jessica
   765 | D:2      | Killed Jessica
   889 | D:2      | Noticed Sigmund
   900 | D:2      | Killed Sigmund
   900 | D:2      | Reached skill level 5 in Long Blades
   900 | D:2      | Reached skill level 1 in Armour
   900 | D:2      | Reached XP level 4. HP: 31/38 MP: 3/3
   900 | D:2      | Reached XP level 5. HP: 37/45 MP: 4/4
  1428 | D:2      | Noticed Robin
  1464 | D:2      | Reached skill level 6 in Long Blades
  1483 | D:2      | Killed Robin
  2228 | D:2      | Reached XP level 6. HP: 51/51 MP: 5/5
  2908 | D:3      | Found a runed translucent door.
  2910 | D:3      | Noticed Crazy Yiuf
  2924 | D:3      | Killed Crazy Yiuf
  3106 | D:3      | Noticed Grinder
  3113 | D:3      | Paralysed by something for 6 turns
  3129 | D:3      | Killed Grinder
  3129 | D:3      | Reached skill level 7 in Long Blades
  3129 | D:3      | Reached skill level 1 in Stealth
  3129 | D:3      | Reached XP level 7. HP: 45/58 MP: 6/6
  3180 | D:3      | Found a blossoming altar of Fedhas.
  3184 | D:3      | Became a worshipper of Fedhas Madash
  3391 | D:4      | Found Tucohebi's Antique Weapon Shoppe.
  3488 | D:4      | You fall into a shaft and drop 1 floor!
  3488 | D:5      | Entered Level 5 of the Dungeon
  3488 | D:5      | Noticed Menkaure
  3505 | D:5      | Killed Menkaure
  3505 | D:5      | Reached skill level 5 in Dodging
  3698 | D:5      | Reached skill level 8 in Long Blades
  3698 | D:5      | Reached skill level 1 in Evocations
  4044 | D:4      | Reached XP level 8. HP: 52/67 MP: 7/7
  4113 | D:4      | Noticed Beaer's ghost (novice VSWn)
  4434 | D:4      | Found a staircase to the Ecumenical Temple.
  4442 | Temple   | Entered the Ecumenical Temple
  4902 | Temple   | Upgraded the game from 0.25-a0-474-ga8a2ee3166 to
                  | 0.25-a0-489-g9ae84a01e3
  5001 | Temple   | Paralysed by fainting for 5 turns
  5014 | Temple   | Paralysed by fainting for 7 turns
  5075 | D:4      | Found a transporter.
  5078 | D:4      | Found a transporter.
  5109 | D:4      | Reached * piety under Fedhas
  5188 | D:4      | Killed Beaer's ghost
  5188 | D:4      | Reached skill level 5 in Fighting
  5555 | D:5      | Splashed by a jelly's acid

Levels and vault maps discovered:
D:1:      dpeg_arrival_tiny_j, layout_basic, minmay_misc_feat_nine_boxes
D:2:      layout_basic, uniq_jessica, uniq_sigmund, uniq_robin
D:3:      layout_rooms, marbit_many_paths, first_ration, uniq_grinder,
          uniq_crazy_yiuf_cottage
D:4:      layout_rooms, minmay_temple_entry_fiery, serial_shops, shop,
          gammafunk_ghost_smash, minmay_quantized
D:5:      layout_cave_pools, serial_shops, shop, uniq_eustachio, uniq_duvessa,
          uniq_menkaure
Temple:   eino_temple_scatter_basement

Skill      XL: |  1  2  3  4  5  6  7  8 |
---------------+-------------------------+-----
Long Blades    | 4 5 6 7 8 |  8.8
Dodging        | 4 5 |  5.3
Fighting       | 3 4 5 |  5.6
Armour         | 1 2 3 4 |  4.5
Stealth        | 1 2 |  2.2
Evocations     | 1 |  1.1
Throwing       | 3 |  3.4

Action                   |  1- 3 |  4- 6 |  7- 9 || total
-------------------------+-------+-------+-------++-------
Melee: Long sword        |    48 |    80 |   125 ||   253
       Headbutt          |     5 |    19 |    38 ||    62
Throw: Throwing net      |     1 |     2 |       ||     3
       Stone             |       |    12 |       ||    12
       Boomerang         |       |     2 |    13 ||    15
Evoke: Wand              |       |     6 |       ||     6
  Use: Potion            |       |     7 |     6 ||    13
       Scroll            |       |     3 |     1 ||     4
 Stab: Held in net/web   |     1 |       |       ||     1
       Invisible         |       |     1 |       ||     1
  Eat: Ration            |       |     2 |     2 ||     4
Armor: Leather armour    |    11 |    10 |     5 ||    26
       Chain mail        |       |       |    41 ||    41
Dodge: Dodged            |    39 |    38 |    63 ||   140
       Rpst.: Long sword |    15 |     6 |    17 ||    38

Table legend:
 A = Non-vault XP
 B = Vault XP
 C = Vault XP percentage of total XP
 D = Non-vault monster count
 E = Vault monster count
 F = Vault count percentage of total count
                 A         B        C        D         E       F
            +---------+---------+-------+---------+---------+-------
      Total |     955 |    1208 |  55.8 |      82 |      22 |  21.2
            +---------+---------+-------+---------+---------+-------
        D:1 |      46 |       0 |   0.0 |      24 |       0 |   0.0
        D:2 |      32 |     303 |  90.4 |      14 |      15 |  51.7
        D:3 |      88 |     315 |  78.2 |      19 |       3 |  13.6
        D:4 |     178 |     421 |  70.3 |      12 |       3 |  20.0
        D:5 |     611 |     169 |  21.7 |      13 |       1 |   7.1
            +---------+---------+-------+---------+---------+-------
